| TOP OF THE 1ST |
|
Oakland (APP) Athletics batting - Pitching for Greeneville Astros : LHP Ruben Rojas
|
|
Pitching: LHP Ruben Rojas
|
|
|
Batting: RHB Colin Coleman
|
0-0: Foul Ball, location: 2F 0-1: Ground out 6-3 (Groundball, 6, EV 92.5 MPH)
|
|
Batting: RHB Branden Mackie
|
0-0: Foul Ball, location: 2F 0-1: Ball 1-1: Foul Ball, location: 2F 1-2: DOUBLE (Groundball, 5L, EV 103.8 MPH)
|
|
Batting: RHB Matt Black
|
0-0: Ball 1-0: Ball Branden Mackie steals 3rd base 2-0: Ball 3-0: Called Strike 3-1: 2-RUN HOME RUN (Flyball, 7D, EV 100.0 MPH), Distance : 407 ft
|
|
Batting: RHB Tetsuya Shinoda
|
0-0: Swinging Strike 0-1: Swinging Strike 0-2: Foul Ball, location: 2F 0-2: Strikes out swinging
|
|
Batting: RHB Josh Whaley
|
0-0: Ball 1-0: Foul Ball, location: 2F 1-1: Ball 2-1: Ball 3-1: Base on Balls
|
|
Batting: LHB Augustin Cormier
|
0-0: Swinging Strike 0-1: Ground out U3 (Groundball, 3L, EV 85.0 MPH)
|
| Top of the 1st over - 2 runs, 2 hits, 0 errors, 1 left on base; Oakland (APP) 2 - Greeneville 0 |
| BOTTOM OF THE 1ST |
|
Greeneville Astros batting - Pitching for Oakland (APP) Athletics : RHP Jalen Cobbins
|
|
Pitching: RHP Jalen Cobbins
|
|
|
Batting: LHB Lou Toth
|
0-0: Ball 1-0: Swinging Strike 1-1: Ball 2-1: Called Strike 2-2: Foul Ball, location: 2F 2-2: Strikes out swinging
|
|
Batting: RHB Edgar Trejo
|
0-0: Called Strike 0-1: Called Strike 0-2: Strikes out swinging
|
|
Batting: LHB Josh Birkner
|
0-0: Called Strike 0-1: Ball 1-1: Called Strike 1-2: Fly out, F2 (Popup, 23F, EV 92.5 MPH)
|
| Bottom of the 1st over - 0 runs, 0 hits, 0 errors, 0 left on base; Oakland (APP) 2 - Greeneville 0 |
| TOP OF THE 2ND |
|
Oakland (APP) Athletics batting - Pitching for Greeneville Astros : LHP Ruben Rojas
|
|
Batting: RHB Walt Alaniz
|
0-0: Ball 1-0: Foul Ball, location: 2F 1-1: DOUBLE (Line Drive, 9LS, EV 112.5 MPH)
|
|
Batting: RHB Jon Coleman
|
0-0: Called Strike 0-1: Ball 1-1: Foul Ball, location: 2F 1-2: Fly out, F9 (Line Drive, 9, EV 95.0 MPH)
|
|
Batting: LHB Gregg Power
|
0-0: Called Strike 0-1: Fly out, F8 (Flyball, 78XD, EV 95.0 MPH) Runner from 2nd tags up, SAFE at 3rd, no throw by CF
|
|
Batting: RHB Colin Coleman
|
0-0: Swinging Strike 0-1: Called Strike 0-2: Foul Ball, location: 2F 0-2: SINGLE (Flyball, 4D, EV 90.6 MPH) Walt Alaniz scores
|
|
Batting: RHB Branden Mackie
|
0-0: SINGLE (Groundball, 4D, EV 94.4 MPH) Colin Coleman to second
|
|
Batting: RHB Matt Black
|
0-0: Ball 1-0: Ball 2-0: Ball 3-0: Base on Balls Colin Coleman to third Branden Mackie to second
|
|
Batting: RHB Tetsuya Shinoda
|
0-0: Called Strike 0-1: Ball 1-1: Ball 2-1: Ball 3-1: Called Strike 3-2: Strikes out swinging
|
| Top of the 2nd over - 1 run, 3 hits, 0 errors, 3 left on base; Oakland (APP) 3 - Greeneville 0 |
| BOTTOM OF THE 2ND |
|
Greeneville Astros batting - Pitching for Oakland (APP) Athletics : RHP Jalen Cobbins
|
|
Batting: RHB Ryan Salas
|
0-0: Called Strike 0-1: Ground out 1-3 (Groundball, 34S, EV 74.4 MPH)
|
|
Batting: RHB Sean Mounts
|
0-0: Ball 1-0: Called Strike 1-1: Foul Ball, location: 2F 1-2: Strikes out looking
|
|
Batting: RHB Workneh Lagat
|
0-0: Ball 1-0: Called Strike 1-1: Ground out U3 (Groundball, 13, EV 86.9 MPH)
|
| Bottom of the 2nd over - 0 runs, 0 hits, 0 errors, 0 left on base; Oakland (APP) 3 - Greeneville 0 |
| TOP OF THE 3RD |
|
Oakland (APP) Athletics batting - Pitching for Greeneville Astros : LHP Ruben Rojas
|
|
Batting: RHB Josh Whaley
|
0-0: Swinging Strike 0-1: Foul Ball, location: 2F 0-2: Fly out, F6 (Popup, 6M, EV 76.9 MPH)
|
|
Batting: LHB Augustin Cormier
|
0-0: Called Strike 0-1: Swinging Strike 0-2: Foul Ball, location: 2F 0-2: Ball 1-2: Strikes out looking
|
|
Batting: RHB Walt Alaniz
|
0-0: Called Strike 0-1: Ball 1-1: SINGLE (Line Drive, 6D, EV 96.2 MPH)
|
|
Batting: RHB Jon Coleman
|
0-0: Called Strike 0-1: Called Strike 0-2: Ball 1-2: Strikes out swinging
|
| Top of the 3rd over - 0 runs, 1 hit, 0 errors, 1 left on base; Oakland (APP) 3 - Greeneville 0 |
| BOTTOM OF THE 3RD |
|
Greeneville Astros batting - Pitching for Oakland (APP) Athletics : RHP Jalen Cobbins
|
|
Batting: LHB Jackson Trottier
|
0-0: Called Strike 0-1: Foul Ball, location: 2F 0-2: Strikes out looking
|
|
Batting: RHB Gabe Allen
|
0-0: Ball 1-0: Foul Ball, location: 2F 1-1: Swinging Strike 1-2: Foul Ball, location: 2F 1-2: SINGLE (Line Drive, 78M, EV 92.5 MPH)
|
|
Batting: RHB Guo-ning Chen
|
0-0: Called Strike 0-1: Swinging Strike 0-2: Fly out, F9 (Flyball, 89D, EV 95.6 MPH)
|
|
Batting: LHB Lou Toth
|
0-0: Ball 1-0: Ball 2-0: Called Strike 2-1: Foul Ball, location: 2F 2-2: Strikes out swinging
|
| Bottom of the 3rd over - 0 runs, 1 hit, 0 errors, 1 left on base; Oakland (APP) 3 - Greeneville 0 |
| TOP OF THE 4TH |
|
Oakland (APP) Athletics batting - Pitching for Greeneville Astros : LHP Ruben Rojas
|
|
Pitching: RHP Ray Fernandez
|
|
|
Batting: LHB Gregg Power
|
0-0: Ground out 6-3 (Groundball, 4S, EV 87.5 MPH)
|
|
Batting: RHB Colin Coleman
|
0-0: Ball 1-0: Called Strike 1-1: Ball 2-1: Ball 3-1: Base on Balls
|
|
Batting: RHB Branden Mackie
|
0-0: Ball Colin Coleman steals 2nd base 1-0: Ball 2-0: Called Strike 2-1: Ball 3-1: Base on Balls
|
|
Batting: RHB Matt Black
|
0-0: Swinging Strike 0-1: Foul Ball, location: 2F 0-2: Foul Ball, location: 2F 0-2: Ball 1-2: Ball 2-2: Foul Ball, location: 2F 2-2: Foul Ball, location: 2F 2-2: Ball 3-2: Fielders Choice at 2nd, 3-6 (Groundball, 34S, EV 81.9 MPH) Colin Coleman to third
|
|
Batting: RHB Tetsuya Shinoda
|
0-0: Ball 1-0: Ball 2-0: Ball 3-0: Called Strike 3-1: SINGLE (Groundball, 4MD, EV 94.4 MPH) Colin Coleman scores Matt Black to second Runner from 2nd tries for 3rd, SAFE, throw by CF made to third
|
|
Batting: RHB Josh Whaley
|
0-0: Called Strike 0-1: Ball 1-1: Ball 2-1: Ball 3-1: Called Strike 3-2: Foul Ball, location: 2F 3-2: Base on Balls Tetsuya Shinoda to second
|
|
Batting: LHB Augustin Cormier
|
0-0: Called Strike 0-1: Ball 1-1: Ball 2-1: Ball 3-1: GRAND SLAM HOME RUN (Flyball, 89XD, EV 99.4 MPH), Distance : 390 ft
|
|
Batting: RHB Walt Alaniz
|
0-0: Swinging Strike 0-1: DOUBLE (Line Drive, 78D, EV 108.1 MPH)
|
|
Batting: RHB Jon Coleman
|
0-0: Ball 1-0: Called Strike 1-1: Foul Ball, location: 2F 1-2: Ball 2-2: SINGLE (Line Drive, 4M, EV 96.2 MPH) Walt Alaniz to third Runner from 3rd tries for Home, SAFE, throw by CF to home Jon Coleman to second
|
|
Batting: LHB Gregg Power
|
0-0: Ball 1-0: Ball Wild Pitch! Jon Coleman to third 2-0: Ball 3-0: Called Strike 3-1: Foul Ball, location: 2F 3-2: Base on Balls
|
|
Batting: RHB Colin Coleman
|
0-0: Ball 1-0: Ball 2-0: Ball 3-0: Base on Balls Gregg Power to second
|
|
Batting: RHB Branden Mackie
|
0-0: Called Strike 0-1: GRAND SLAM HOME RUN (Flyball, 78XD, EV 100.0 MPH), Distance : 400 ft
|
|
Pitching: RHP Danny Jensen
|
|
|
Batting: RHB Matt Black
|
0-0: Foul Ball, location: 2F 0-1: Called Strike 0-2: Ball 1-2: Foul Ball, location: 2F 1-2: Foul Ball, location: 2F 1-2: Ball 2-2: Fly out, F8 (Flyball, 8RM, EV 78.1 MPH)
|
| Top of the 4th over - 10 runs, 5 hits, 0 errors, 0 left on base; Oakland (APP) 13 - Greeneville 0 |
| BOTTOM OF THE 4TH |
|
Greeneville Astros batting - Pitching for Oakland (APP) Athletics : RHP Jalen Cobbins
|
|
Batting: RHB Edgar Trejo
|
0-0: Ball 1-0: Ball 2-0: Foul Ball, location: 2F 2-1: Foul Ball, location: 2F 2-2: Ball 3-2: Base on Balls
|
|
Batting: LHB Josh Birkner
|
0-0: Fielders Choice at 2nd, 6-4 (Groundball, 6S, EV 92.5 MPH)
|
|
Batting: RHB Ryan Salas
|
0-0: Ball 1-0: Ball 2-0: Fielders Choice at 2nd, 1-4 (Groundball, 15S, EV 63.1 MPH)
|
|
Batting: RHB Sean Mounts
|
0-0: Fielders Choice at 2nd, 6-4 (Groundball, 6, EV 86.9 MPH)
|
| Bottom of the 4th over - 0 runs, 0 hits, 0 errors, 1 left on base; Oakland (APP) 13 - Greeneville 0 |
| TOP OF THE 5TH |
|
Oakland (APP) Athletics batting - Pitching for Greeneville Astros : RHP Danny Jensen
|
|
Batting: RHB Tetsuya Shinoda
|
0-0: Foul Ball, location: 2F 0-1: SOLO HOME RUN (Flyball, 7D, EV 99.4 MPH), Distance : 383 ft
|
|
Batting: RHB Josh Whaley
|
0-0: Ball 1-0: SOLO HOME RUN (Flyball, 7D, EV 98.8 MPH), Distance : 406 ft
|
|
Batting: LHB Augustin Cormier
|
0-0: Called Strike 0-1: Ball 1-1: Ball 2-1: Called Strike 2-2: Ball 3-2: Foul Ball, location: 2F 3-2: Ground out 4-3 (Groundball, 4, EV 90.6 MPH)
|
|
Pitching: RHP Mike Koch
|
|
|
Batting: RHB Walt Alaniz
|
0-0: Ball 1-0: Swinging Strike 1-1: SINGLE (Groundball, 4D, EV 100.0 MPH)
|
|
Batting: RHB Jon Coleman
|
0-0: Ball 1-0: SINGLE (Groundball, 4MD, EV 98.1 MPH) Walt Alaniz to second Walt Alaniz to third
|
|
Batting: LHB Gregg Power
|
0-0: Swinging Strike 0-1: Ball 1-1: Ball 2-1: Fly out, F9 (Flyball, 9LM, EV 91.2 MPH) Runner from 3rd tags up, OUT at HOME! 9-2
|
| Top of the 5th over - 2 runs, 4 hits, 0 errors, 1 left on base; Oakland (APP) 15 - Greeneville 0 |
| BOTTOM OF THE 5TH |
|
Greeneville Astros batting - Pitching for Oakland (APP) Athletics : RHP Jalen Cobbins
|
|
Batting: RHB Workneh Lagat
|
0-0: Called Strike 0-1: Swinging Strike 0-2: Foul Ball, location: 2F 0-2: Ball 1-2: Ball 2-2: Ball 3-2: Foul Ball, location: 2F 3-2: Strikes out looking
|
|
Batting: LHB Jackson Trottier
|
0-0: Ball 1-0: Called Strike 1-1: Ball 2-1: Called Strike 2-2: Foul Ball, location: 2F 2-2: Strikes out swinging
|
|
Batting: RHB Gabe Allen
|
0-0: Ball 1-0: Foul Ball, location: 2F 1-1: Swinging Strike 1-2: Ball 2-2: Strikes out swinging
|
| Bottom of the 5th over - 0 runs, 0 hits, 0 errors, 0 left on base; Oakland (APP) 15 - Greeneville 0 |
| TOP OF THE 6TH |
|
Oakland (APP) Athletics batting - Pitching for Greeneville Astros : RHP Mike Koch
|
|
Batting: RHB Colin Coleman
|
0-0: Ball 1-0: Ball 2-0: Foul Ball, location: 2F 2-1: Called Strike 2-2: Fly out, F7 (Flyball, 7, EV 85.6 MPH)
|
|
Batting: RHB Branden Mackie
|
0-0: Ball 1-0: Ground out 4-3 (Groundball, 4, EV 87.5 MPH)
|
|
Batting: RHB Matt Black
|
0-0: Hit by Pitch
|
|
Batting: RHB Tetsuya Shinoda
|
0-0: Ball 1-0: Fielders Choice at 2nd, 6-4 (Groundball, 56, EV 83.8 MPH)
|
| Top of the 6th over - 0 runs, 0 hits, 0 errors, 1 left on base; Oakland (APP) 15 - Greeneville 0 |
| BOTTOM OF THE 6TH |
|
Greeneville Astros batting - Pitching for Oakland (APP) Athletics : RHP Jalen Cobbins
|
|
Batting: RHB Guo-ning Chen
|
0-0: Foul Ball, location: 2F 0-1: SINGLE (Line Drive, 7S, EV 97.5 MPH)
|
|
Batting: LHB Lou Toth
|
0-0: Foul Ball, location: 2F 0-1: Swinging Strike 0-2: Ball 1-2: Ball 2-2: Foul Ball, location: 2F 2-2: Strikes out swinging
|
|
Batting: RHB Edgar Trejo
|
0-0: Ball 1-0: Foul Ball, location: 2F 1-1: Called Strike 1-2: Strikes out swinging
|
|
Batting: LHB Josh Birkner
|
0-0: Called Strike 0-1: Ball 1-1: Ball 2-1: Foul Ball, location: 2F 2-2: Strikes out swinging
|
| Bottom of the 6th over - 0 runs, 1 hit, 0 errors, 1 left on base; Oakland (APP) 15 - Greeneville 0 |
| TOP OF THE 7TH |
|
Oakland (APP) Athletics batting - Pitching for Greeneville Astros : RHP Mike Koch
|
|
Pitching: RHP Greg Otto
|
|
|
Batting: RHB Josh Whaley
|
0-0: Ball 1-0: Called Strike 1-1: Ball 2-1: Ball 3-1: Base on Balls
|
|
Batting: LHB Augustin Cormier
|
0-0: Foul Ball, location: 2F 0-1: Foul Ball, location: 2F 0-2: Ball 1-2: Foul Ball, location: 2F 1-2: 2-RUN HOME RUN (Flyball, 9LD, EV 91.9 MPH), Distance : 335 ft
|
|
Batting: RHB Walt Alaniz
|
0-0: Called Strike 0-1: Ball 1-1: Ball 2-1: Ball 3-1: Base on Balls
|
|
Batting: RHB Jon Coleman
|
0-0: Called Strike 0-1: Ball 1-1: Fly out, F5 (Flyball, 5D, EV 93.8 MPH)
|
|
Pitching: RHP Oscar Andrade
|
|
|
Batting: LHB Gregg Power
|
0-0: Ball 1-0: Ball 2-0: Fielders Choice at 2nd, 3-6 (Groundball, 34S, EV 88.8 MPH)
|
|
Batting: RHB Colin Coleman
|
0-0: Ball 1-0: Ball 2-0: Called Strike 2-1: Ball 3-1: Foul Ball, location: 2F 3-2: Foul Ball, location: 2F 3-2: Base on Balls Gregg Power to second
|
|
Batting: RHB Branden Mackie
|
0-0: Ball 1-0: Ball 2-0: Foul Ball, location: 2F 2-1: Ball 3-1: Foul Ball, location: 2F 3-2: Strikes out swinging
|
| Top of the 7th over - 2 runs, 1 hit, 0 errors, 2 left on base; Oakland (APP) 17 - Greeneville 0 |
| BOTTOM OF THE 7TH |
|
Greeneville Astros batting - Pitching for Oakland (APP) Athletics : RHP Jalen Cobbins
|
|
Batting: RHB Ryan Salas
|
0-0: Ball 1-0: Ball 2-0: Called Strike 2-1: Called Strike 2-2: Strikes out looking
|
|
Batting: RHB Sean Mounts
|
0-0: Called Strike 0-1: Foul Ball, location: 2F 0-2: Foul Ball, location: 2F 0-2: Ball 1-2: Ball 2-2: Strikes out swinging
|
|
Batting: RHB Workneh Lagat
|
0-0: Swinging Strike 0-1: Ball 1-1: Ball 2-1: Foul Ball, location: 2F 2-2: Ball 3-2: Strikes out looking
|
| Bottom of the 7th over - 0 runs, 0 hits, 0 errors, 0 left on base; Oakland (APP) 17 - Greeneville 0 |
| TOP OF THE 8TH |
|
Oakland (APP) Athletics batting - Pitching for Greeneville Astros : RHP Oscar Andrade
|
|
Batting: RHB Matt Black
|
0-0: Foul Ball, location: 2F 0-1: Foul Ball, location: 2F 0-2: Ball 1-2: Foul Ball, location: 2F 1-2: Ball 2-2: Fly out, F7 (Flyball, 78XD, EV 101.9 MPH)
|
|
Pitching: RHP James Browning
|
|
|
Batting: RHB Tetsuya Shinoda
|
0-0: Ball 1-0: Ball 2-0: SINGLE (Groundball, 6D, EV 98.1 MPH)
|
|
Batting: RHB Josh Whaley
|
0-0: Swinging Strike 0-1: Ball 1-1: Called Strike 1-2: Strikes out swinging
|
|
Batting: LHB Augustin Cormier
|
0-0: Foul Ball, location: 2F 0-1: Ball 1-1: Ball 2-1: Foul Ball, location: 2F 2-2: Ball 3-2: SINGLE (Line Drive, 89S, EV 90.6 MPH) Tetsuya Shinoda to second Tetsuya Shinoda to third
|
|
Batting: RHB Walt Alaniz
|
0-0: Ball 1-0: Ball 2-0: Foul Ball, location: 2F 2-1: Swinging Strike 2-2: Ball 3-2: Ground out 5-3 (Groundball, 5, EV 76.2 MPH)
|
| Top of the 8th over - 0 runs, 2 hits, 0 errors, 2 left on base; Oakland (APP) 17 - Greeneville 0 |
| BOTTOM OF THE 8TH |
|
Greeneville Astros batting - Pitching for Oakland (APP) Athletics : RHP Jalen Cobbins
|
|
Batting: LHB Jackson Trottier
|
0-0: Ball 1-0: Called Strike 1-1: Foul Ball, location: 2F 1-2: Ground out 4-3 (Groundball, 4M, EV 92.5 MPH)
|
|
Batting: RHB Gabe Allen
|
0-0: Swinging Strike 0-1: Foul Ball, location: 2F 0-2: Fly out, F7 (Line Drive, 7, EV 96.9 MPH)
|
|
Batting: RHB Guo-ning Chen
|
0-0: Ball 1-0: Called Strike 1-1: Swinging Strike 1-2: Strikes out looking
|
| Bottom of the 8th over - 0 runs, 0 hits, 0 errors, 0 left on base; Oakland (APP) 17 - Greeneville 0 |
| TOP OF THE 9TH |
|
Oakland (APP) Athletics batting - Pitching for Greeneville Astros : RHP James Browning
|
|
Batting: RHB Jon Coleman
|
0-0: Ball 1-0: Ball 2-0: Ground out 5-3 (Groundball, 5S, EV 86.9 MPH)
|
|
Batting: LHB Gregg Power
|
0-0: Fly out, F7 (Line Drive, 7, EV 90.6 MPH)
|
|
Batting: RHB Colin Coleman
|
0-0: Called Strike 0-1: Ground out 6-3 (Groundball, 6M, EV 82.5 MPH)
|
| Top of the 9th over - 0 runs, 0 hits, 0 errors, 0 left on base; Oakland (APP) 17 - Greeneville 0 |
| BOTTOM OF THE 9TH |
|
Greeneville Astros batting - Pitching for Oakland (APP) Athletics : RHP Jalen Cobbins
|
|
Batting: LHB Lou Toth
|
0-0: Called Strike 0-1: Ball 1-1: Called Strike 1-2: Strikes out looking
|
|
Batting: RHB Edgar Trejo
|
0-0: Called Strike 0-1: Fly out, F8 (Flyball, 8LXD, EV 110.6 MPH)
|
|
Batting: LHB Josh Birkner
|
0-0: Ball 1-0: Ball 2-0: Ball 3-0: Called Strike 3-1: Base on Balls
|
|
Pitching: RHP Jesus Gonzales
|
|
|
Batting: RHB Ryan Salas
|
0-0: Swinging Strike 0-1: Foul Ball, location: 2F 0-2: Ball 1-2: Fly out, F8 (Line Drive, 8RD, EV 93.8 MPH)
|
| Bottom of the 9th over - 0 runs, 0 hits, 0 errors, 1 left on base; Oakland (APP) 17 - Greeneville 0 |
|